 Dungeon Crawl Stone Soup version 0.32-a0-18-g89e19f1974 (webtiles) character file.

Game seed: 4701987647740083554

102 Sweetruy1997 the Gusty (level 4, -3/30 HPs)
             Began as a Vampire Air Elementalist on Dec 26, 2023.
             Slain by Terence
             ... wielding a +0 trident
              (4 damage)
             ... on level 2 of the Dungeon on Jan 16, 2024.
             The game lasted 00:09:16 (2345 turns).

Sweetruy1997 the Gusty (Vampire Air Elementalist)   Turns: 2345, Time: 00:09:16

Health: -3/30      AC:  3    Str:  6 (7)  XL:     4   Next: 49%
Magic:  0/7        EV: 12    Int: 17 (19) God:
Gold:   54         SH:  0    Dex: 11 (14) Spells: 2/7 levels left

rFire   . . .        i - +0 dagger
rCold   . . .        (no shield)
rNeg    . . .        a - +0 robe
rPois   .            (no helmet)
rElec   .            c - +0 cloak
rCorr   .            (no gloves)
SInv    +            (no boots)
Will    .....        (no amulet)
Stlth   ++           (no ring)
HPRegen 0.45/turn    (no ring)
MPRegen 0.10/turn

%: no passive effects
@: brilliant, healing quickly, hasted, very quick
A: alive, fangs 3, see invisible, vampiric 2
a: Exsanguinate


You were on level 2 of the Dungeon.
You visited 1 branch of the dungeon, and saw 2 of its levels.

You collected 54 gold pieces.

Inventory:

Hand Weapons
 i - a +0 dagger (weapon)
Missiles
 k - 4 javelins
 m - 5 boomerangs
Armour
 a - a +0 robe (worn)
 c - a +0 cloak (worn)
Scrolls
 d - 2 scrolls of identify {unknown}
 e - a scroll of vulnerability {unknown}
 h - a scroll of amnesia {unknown}
 j - a scroll of fear {unknown}
Potions
 b - a potion of magic
 f - a potion of brilliance
 n - a potion of mutation {unknown}


   Skills:
 + Level 0.1 Fighting
 + Level 1.3 Short Blades
 + Level 2.6 Dodging
 + Level 3.0 Stealth
 - Level 0.4 Unarmed Combat
 + Level 2.4 Spellcasting
 + Level 1.3 Conjurations
 + Level 4.1 Air Magic


You had 2 spell levels left.
You knew the following spells:

 Your Spells              Type           Power      Damage    Failure   Level
a - Shock                 Conj/Air       64%        1d7       6%          1
b - Static Discharge      Conj/Air       32%        3-5/arc   10%         2
c - Mercury Vapours       Alch/Air       26%        N/A       12%         2

Your spell library contained the following spells:

 Spells                   Type           Power      Damage    Failure   Level
 Swiftness                Air            24%        N/A       11%         3
 Mephitic Cloud           Conj/Alch/Air  12%        N/A       26%         3
 Airstrike                Air            12%        2d(2-18)  34%         4
 Freezing Cloud           Conj/Ice/Air   6%         6-21      94%         5


Dungeon Overview and Level Annotations

Branches:
Dungeon (2/15)

Altars:

Annotations:
D:2 Terence


Innate Abilities, Weirdness & Mutations

Your natural rate of healing is accelerated.
You have razor-sharp teeth.
You have supernaturally acute eyesight. (SInv)
You are afflicted with vampirism and can become a bat while bloodless.


Message History

Terence is lightly wounded.
The zap hits Terence but does no damage.
Terence is lightly wounded.
Terence closely misses you.
The zap misses Terence.
Terence hits you from afar with a +0 trident.
Terence looks scornfully at you. Terence attacks as he pursues you!
Terence completely misses you. Terence hits you with a +0 trident.
You hit Terence.
Terence is lightly wounded.
Terence hits you with a +0 trident.
You hit Terence. You bite Terence.
Terence is moderately wounded.
You are too injured to fight recklessly!
You are too injured to fight recklessly!
Press: ? - help, v - describe, . - travel The floor, spattered with blood.
Casting: Shock (safe; 5% risk of failure)
Confirm with . or Enter, or press ? or * to list all spells.
Aiming: Shock (safe; 5% risk of failure)
Press: ? - help, Shift-Dir - straight line, f/p - Terence
Aim: Terence, wielding a +0 trident and wearing a +0 scale mail (moderately wounded, 72% to hit)
The zap hits Terence.
Terence is heavily wounded.
Terence shouts, "DIE!!!"
Terence hits you with a +0 trident!
* * * LOW HITPOINT WARNING * * *
It was a potion of brilliance.
You feel clever all of a sudden. Terence barely misses you.
It was a potion of haste.
You feel yourself speed up. Terence hits you with a +0 trident!
* * * LOW HITPOINT WARNING * * *
It was a potion of degeneration.
There was something very wrong with that liquid.
You feel weakened.
You feel dopey.
You feel clumsy. Terence hits you with a +0 trident.
You die...
Terence says, "That felt goooood."

#..############.
#..............#
#.############.# #.# #.#
.#######.# #.#
.........### #.#
$######..#.##########.#
..######...#).)).†.)...#
......@@.....†##########
................#
..#.####.....##.##### #
#.###........#
##.###..###.#.#
#....†..# .# #..###))# #
....# #.#......
#........


You could see Terence.

Vanquished Creatures
  Robin (D:2)
  An adder (D:2)
  5 ribbon worms (D:2)
  4 bats (D:1)
  3 endoplasms (D:1)
  2 giant cockroaches
  18 goblins
  6 hobgoblins
  6 jackals (D:1)
  2 quokkas
  3 ball pythons
  A frilled lizard (D:1)
  4 kobolds
  4 rats
60 creatures vanquished.

Notes
Turn   | Place    | Note
-------+----------+-------------------------------------------
     0 | D:1      | Sweetruy1997 the Vampire Air Elementalist began the quest
                  | for the Orb.
     0 | D:1      | Reached XP level 1. HP: 13/13 MP: 3/3
   169 | D:1      | Reached XP level 2. HP: 19/19 MP: 0/5
   505 | D:1      | Learned a level 2 spell: Static Discharge
   657 | D:1      | Learned a level 2 spell: Mercury Vapours
   995 | D:1      | Gained mutation: You are afflicted with vampirism and can
                  | become a bat while bloodless. [Vampire growth]
   995 | D:1      | Reached XP level 3. HP: 24/24 MP: 1/6
  1624 | D:2      | Reached skill level 1 in Conjurations
  1942 | D:2      | Reached skill level 1 in Short Blades
  1942 | D:2      | Reached XP level 4. HP: 27/30 MP: 0/7
  2152 | D:2      | Upgraded the game from 0.31-a0-1405-g2bb1a01664 to
                  | 0.32-a0-18-g89e19f1974
  2189 | D:2      | Noticed Robin
  2232 | D:2      | Killed Robin
  2233 | D:2      | Reached skill level 4 in Air Magic
  2330 | D:2      | Noticed Terence
  2344 | D:2      | HP: 1/30 [Terence/+0 trident (8)]
  2345 | D:2      | Slain by Terence

Illustrated notes

Levels and vault maps discovered:
D:1:      ncdulo_watergridlock, layout_loops_ring,
          chequers_serial_rivers_small_b, nrook_loot_triangle,
          kennysheep_minor_cross, hangedman_decor_points
D:2:      layout_loops_ring, uniq_terence, uniq_robin

Skill      XL: |  1  2  3  4 |
---------------+-------------+-----
Conjurations   | 1 |  1.3
Short Blades   | 1 |  1.3
Air Magic      | 4 |  4.1
Fighting       | |  0.1
Dodging        | |  2.6
Stealth        | |  3.0
Unarmed Combat | |  0.4
Spellcasting   | |  2.4

Action                     |  1- 3 |  4- 6 || total
---------------------------+-------+-------++-------
  Melee: Unarmed           |    18 |       ||    18
         Bite              |     7 |    12 ||    19
         Punch             |     1 |       ||     1
         Club              |    15 |       ||    15
         Dagger            |    70 |    45 ||   115
   Cast: Shock             |    68 |    24 ||    92
         Mercury Vapours   |     5 |     1 ||     6
         Static Discharge  |     1 |       ||     1
    Use: Potion            |       |     3 ||     3
 Armour: Robe              |    77 |    26 ||   103
  Dodge: Dodged            |    92 |    27 ||   119

Table legend: (Time is in decaauts)
 A = Elapsed time spent in this place.
 B = Non-inter-level travel time spent in this place.
 C = Inter-level travel time spent in this place.
 D = Time resting spent in this place.
 E = Time spent auto-exploring this place.
 F = Levels seen in this place.
 G = Mean time per level.
                   A        B        C        D        E       F      G
               +--------+--------+--------+--------+--------+-----+--------+
         Total |   2347 |   2311 |     36 |    112 |   1797 |   2 | 1173.5 |
       Dungeon |   2347 |   2311 |     36 |    112 |   1797 |   2 | 1173.5 |
               +--------+--------+--------+--------+--------+-----+--------+

Top non-repeatable levels by time:
     D:1: 1504 daAuts
     D:2: 843 daAuts
